[ AOE2 MATCH · #505283136 ]
UnrankedPoles vs Chinese
Player's team · WIN
Rival team · LOSS
[ REPLAY ANALYSIS · EXTRACTED FROM THE RECORDED GAME ]
Feudal
—
Castle
—
Imperial
—
| APM avg | 53.9 |
| APM peak | 84 |
| eAPM avg | 17.7 |
| Villagers / military | 13 / 0 |
Focus
⚔️ 28.7% · 🌾 71.3%
Feudal
—
Castle
—
Imperial
—
| APM avg | 59.6 |
| APM peak | 67 |
| eAPM avg | 17.0 |
| Villagers / military | 12 / 0 |
Focus
⚔️ 50.0% · 🌾 50.0%
Match map
Initial resources + every placement click. Lines = walls · curves = elevation contours. ◆ gold · ⬟ stone · ● berries · ✦ relic · ◌ wall gap
Your base
[DOV] The_GothFather's base
Smoothed initial terrain · ◌ = detected wall gap · hover for details
Inputs per minute
— twitch: aoe2_billybadbeat - - [DOV] The_GothFather
Build order — twitch: aoe2_billybadbeat
20 actions detected in the replay
| 0:00 | Queue | Villager (Male) |
| 0:01 | Queue | Villager (Male) |
| 0:02 | Build | House |
| 0:02 | Build | House |
| 0:16 | Queue | Villager (Male) |
| 0:16 | Queue | Villager (Male) |
| 0:23 | Research | Loom |
| 0:35 | Build | House |
| 1:39 | Queue | Villager (Male) |
| 2:02 | Build | Lumber Camp |
| 2:09 | Queue | Villager (Male) |
| 2:20 | Build | House |
| 2:35 | Queue | Villager (Male) |
| 3:22 | Build | House |
| 3:27 | Queue | Villager (Male) |
| 3:55 | Queue | Villager (Male) |
| 3:56 | Queue | Villager (Male) |
| 3:56 | Queue | Villager (Male) |
| 4:33 | Queue | Villager (Male) |
| 5:20 | Queue | Villager (Male) |
Build order — [DOV] The_GothFather
16 actions detected in the replay
| 0:00 | Research | Loom |
| 0:04 | Build | House |
| 0:12 | Build | Lumber Camp |
| 1:13 | Queue | Villager (Male) |
| 1:37 | Queue | Villager (Male) |
| 2:08 | Queue | Villager (Male) |
| 2:28 | Queue | Villager (Male) |
| 2:45 | Queue | Villager (Male) |
| 3:00 | Queue | Villager (Male) |
| 3:24 | Queue | Villager (Male) |
| 3:45 | Queue | Villager (Male) |
| 4:05 | Queue | Villager (Male) |
| 4:24 | Queue | Villager (Male) |
| 5:04 | Queue | Villager (Male) |
| 5:26 | Build | Mill |
| 5:29 | Queue | Villager (Male) |
Match timeline
| 5:49 | [DOV] The_GothFather · resign |
[ AI ANALYSIS · 1 CREDIT ]
What really happened in this match?
Wolo.gg analyzes every decision: build order, eco, micro, common mistakes by bracket. Personalized analysis on WhatsApp or Discord in 30 seconds.
Civ guide
Poles
Perfil
Jugador #15677316